[ AOE2 MATCH · #506087422 ]
UnrankedTupi vs Mongols
Player's team · WIN
Rival team · LOSS
[ REPLAY ANALYSIS · EXTRACTED FROM THE RECORDED GAME ]
Feudal
13:08
Castle
—
Imperial
—
| APM avg | 39.3 |
| APM peak | 78 |
| eAPM avg | 17.3 |
| Villagers / military | 57 / 2 |
Focus
⚔️ 26.8% · 🌾 73.2%
Archer ×2
Feudal
—
Castle
—
Imperial
—
| APM avg | 65.4 |
| APM peak | 108 |
| eAPM avg | 20.0 |
| Villagers / military | 35 / 0 |
Focus
⚔️ 14.1% · 🌾 85.9%
Match map
Initial resources + every placement click. Lines = walls · curves = elevation contours. ◆ gold · ⬟ stone · ● berries · ✦ relic · ◌ wall gap
Your base· Open — unwalled flank
Guthrie_Govan's base· Open — unwalled flank
Smoothed initial terrain · ◌ = detected wall gap · hover for details
Inputs per minute
— JoJo_Baum - - Guthrie_Govan
Build order — JoJo_Baum
93 actions detected in the replay
| 0:00 | Queue | Villager (Male) |
| 0:01 | Queue | Villager (Male) ×3 |
| 0:01 | Queue | Villager (Male) ×3 |
| 0:02 | Build | House |
| 0:06 | Build | House |
| 1:03 | Queue | Villager (Male) |
| 1:03 | Queue | Villager (Male) |
| 1:29 | Queue | Villager (Male) |
| 1:30 | Queue | Villager (Male) |
| 2:09 | Build | Settlement |
| 2:12 | Queue | Villager (Male) |
| 2:12 | Queue | Villager (Male) |
| 2:58 | Queue | Villager (Male) |
| 2:59 | Queue | Villager (Male) |
| 2:59 | Queue | Villager (Male) |
| 3:10 | Queue | Villager (Male) |
| 3:10 | Queue | Villager (Male) |
| 3:47 | Queue | Villager (Male) |
| 3:48 | Queue | Villager (Male) |
| 3:48 | Queue | Villager (Male) |
| 4:50 | Queue | Villager (Male) |
| 4:50 | Queue | Villager (Male) |
| 5:23 | Queue | Villager (Male) |
| 5:23 | Queue | Villager (Male) |
| 5:24 | Queue | Villager (Male) |
| 5:33 | Build | Settlement |
| 6:44 | Build | Palisade Wall |
| 6:47 | Build | Palisade Wall |
| 6:48 | Build | Palisade Wall |
| 6:53 | Build | Settlement |
| 6:59 | Queue | Villager (Male) |
| 7:30 | Build | Settlement |
| 7:30 | Research | Feudal Age |
| 7:31 | Research | Feudal Age |
| 7:38 | Research | Loom |
| 7:38 | Queue | Villager (Male) |
| 7:39 | Queue | Villager (Male) |
| 7:39 | Queue | Villager (Male) |
| 8:00 | Queue | Villager (Male) |
| 8:02 | Build | Palisade Wall |
| 8:05 | Build | Palisade Wall |
| 8:06 | Build | Palisade Wall |
| 8:06 | Build | Palisade Wall |
| 8:10 | Build | Palisade Wall |
| 8:45 | Build | Palisade Wall |
| 9:13 | Queue | Villager (Male) |
| 9:20 | Queue | Villager (Male) |
| 9:41 | Queue | Villager (Male) |
| 10:07 | Queue | Villager (Male) |
| 10:13 | Queue | Villager (Male) |
| 10:39 | Research | Feudal Age |
| 11:16 | Queue | Villager (Male) |
| 11:17 | Queue | Villager (Male) |
| 12:26 | Build | Palisade Wall |
| 13:08 | Age | Feudal Age |
| 13:10 | Queue | Villager (Male) |
| 13:30 | Queue | Villager (Male) |
| 13:46 | Build | Settlement |
| 14:02 | Queue | Villager (Male) |
| 14:44 | Build | Barracks |
| 15:09 | Queue | Villager (Male) |
| 15:09 | Queue | Villager (Male) |
| 15:40 | Build | Archery Range |
| 15:45 | Queue | Villager (Male) |
| 15:46 | Queue | Villager (Male) |
| 16:20 | Build | Stone Wall |
| 16:23 | Build | Stone Wall |
| 16:25 | Build | Stone Wall |
| 16:33 | Queue | Villager (Male) |
| 16:34 | Queue | Villager (Male) |
| 16:46 | Queue | Archer |
| 16:47 | Queue | Archer |
| 16:50 | Queue | Villager (Male) |
| 16:51 | Queue | Villager (Male) |
| 16:53 | Build | Blacksmith |
| 17:00 | Build | Farm |
| 17:05 | Queue | Villager (Male) |
| 17:05 | Queue | Villager (Male) |
| 17:34 | Queue | Villager (Male) |
| 17:34 | Queue | Villager (Male) |
| 17:48 | Queue | Villager (Male) |
| 17:55 | Build | House |
| 17:55 | Build | House |
| 18:06 | Build | Stone Wall |
| 18:13 | Build | Stone Wall |
| 18:17 | Build | Stone Wall |
| 18:18 | Queue | Villager (Male) |
| 18:34 | Build | Stone Wall |
| 18:39 | Build | Stone Wall |
| 18:41 | Build | Stone Wall |
| 18:43 | Build | Stone Wall |
| 18:56 | Queue | Villager (Male) |
| 18:56 | Queue | Villager (Male) |
Build order — Guthrie_Govan
63 actions detected in the replay
| 0:00 | Queue | Villager (Male) |
| 0:00 | Queue | Villager (Male) |
| 0:01 | Queue | Villager (Male) |
| 0:02 | Build | House |
| 0:04 | Build | House |
| 0:32 | Queue | Villager (Male) |
| 0:32 | Queue | Villager (Male) |
| 1:31 | Queue | Villager (Male) |
| 1:47 | Queue | Villager (Male) |
| 2:03 | Build | Lumber Camp |
| 2:04 | Queue | Villager (Male) |
| 2:37 | Queue | Villager (Male) |
| 2:37 | Queue | Villager (Male) |
| 3:12 | Queue | Villager (Male) |
| 3:16 | Queue | Villager (Male) |
| 3:32 | Build | House |
| 3:35 | Build | House |
| 3:38 | Build | Palisade Wall |
| 3:38 | Build | Palisade Wall |
| 4:27 | Queue | Villager (Male) |
| 4:29 | Queue | Villager (Male) |
| 4:33 | Queue | Villager (Male) |
| 4:45 | Queue | Villager (Male) |
| 5:04 | Research | Loom |
| 5:04 | Research | Loom |
| 5:31 | Build | Mill |
| 5:42 | Queue | Villager (Male) |
| 5:42 | Queue | Villager (Male) |
| 5:43 | Queue | Villager (Male) |
| 5:43 | Queue | Villager (Male) |
| 7:21 | Build | Town Center |
| 7:32 | Build | Town Center |
| 7:37 | Build | Palisade Wall |
| 7:39 | Build | Palisade Wall |
| 7:42 | Build | Palisade Wall |
| 7:43 | Build | Palisade Wall |
| 7:45 | Build | Palisade Wall |
| 7:46 | Build | Palisade Wall |
| 7:48 | Build | Palisade Wall |
| 7:49 | Build | Palisade Wall |
| 8:25 | Queue | Villager (Male) |
| 8:25 | Queue | Villager (Male) |
| 8:25 | Queue | Villager (Male) |
| 8:26 | Queue | Villager (Male) |
| 8:53 | Queue | Villager (Male) |
| 9:37 | Queue | Villager (Male) |
| 10:47 | Queue | Villager (Male) |
| 10:47 | Queue | Villager (Male) |
| 11:18 | Queue | Villager (Male) |
| 11:27 | Build | House |
| 11:41 | Queue | Villager (Male) |
| 12:00 | Build | House |
| 12:13 | Build | Palisade Wall |
| 13:10 | Queue | Villager (Male) |
| 13:10 | Queue | Villager (Male) |
| 13:36 | Queue | Villager (Male) |
| 13:36 | Queue | Villager (Male) |
| 14:30 | Queue | Villager (Male) |
| 16:54 | Build | Town Center |
| 18:37 | Build | House |
| 18:43 | Build | House |
| 18:45 | Build | House |
| 18:49 | Build | Palisade Wall |
Match timeline
| 3:38 | Guthrie_Govan · wall_segment Palisade Wall x1 |
| 3:38 | Guthrie_Govan · wall_segment Palisade Wall x1 |
| 6:44 | JoJo_Baum · wall_segment Palisade Wall x1 |
| 6:47 | JoJo_Baum · wall_segment Palisade Wall x1 |
| 6:48 | JoJo_Baum · wall_segment Palisade Wall x1 |
| 7:37 | Guthrie_Govan · wall_segment Palisade Wall x1 |
| 7:39 | Guthrie_Govan · wall_segment Palisade Wall x1 |
| 7:42 | Guthrie_Govan · wall_segment Palisade Wall x1 |
| 7:43 | Guthrie_Govan · wall_segment Palisade Wall x1 |
| 7:45 | Guthrie_Govan · wall_segment Palisade Wall x1 |
| 7:46 | Guthrie_Govan · wall_segment Palisade Wall x1 |
| 7:48 | Guthrie_Govan · wall_segment Palisade Wall x1 |
| 7:49 | Guthrie_Govan · wall_segment Palisade Wall x1 |
| 8:02 | JoJo_Baum · wall_segment Palisade Wall x1 |
| 8:05 | JoJo_Baum · wall_segment Palisade Wall x1 |
| 8:06 | JoJo_Baum · wall_segment Palisade Wall x1 |
| 8:06 | JoJo_Baum · wall_segment Palisade Wall x1 |
| 8:10 | JoJo_Baum · wall_segment Palisade Wall x1 |
| 8:45 | JoJo_Baum · wall_segment Palisade Wall x1 |
| 12:13 | Guthrie_Govan · wall_segment Palisade Wall x1 |
| 12:26 | JoJo_Baum · wall_segment Palisade Wall x1 |
| 13:08 | JoJo_Baum · age_up feudal |
| 14:44 | JoJo_Baum · first_building Barracks |
| 15:40 | JoJo_Baum · first_building Archery Range |
| 16:20 | JoJo_Baum · wall_segment Stone Wall x1 |
| 16:23 | JoJo_Baum · wall_segment Stone Wall x1 |
| 16:25 | JoJo_Baum · wall_segment Stone Wall x2 |
| 18:06 | JoJo_Baum · wall_segment Stone Wall x1 |
| 18:13 | JoJo_Baum · wall_segment Stone Wall x2 |
| 18:17 | JoJo_Baum · wall_segment Stone Wall x1 |
| 18:34 | JoJo_Baum · wall_segment Stone Wall x3 |
| 18:39 | JoJo_Baum · wall_segment Stone Wall x1 |
| 18:41 | JoJo_Baum · wall_segment Stone Wall x1 |
| 18:43 | JoJo_Baum · wall_segment Stone Wall x1 |
| 18:49 | Guthrie_Govan · wall_segment Palisade Wall x1 |
| 19:25 | Guthrie_Govan · resign |
[ AI ANALYSIS · 1 CREDIT ]
What really happened in this match?
Wolo.gg analyzes every decision: build order, eco, micro, common mistakes by bracket. Personalized analysis on WhatsApp or Discord in 30 seconds.
Civ guide
Tupi
Perfil
Jugador #2334926